 Dungeon Crawl Stone Soup version 0.25-a0-513-ge77a69270c (webtiles) character file.

Game seed: 3640043812445683561, levelgen mode: deterministic

2040 mopl the Slasher (level 9, -3/61 HPs)
             Began as a Demonspawn Skald on Feb 16, 2020.
             Was a Believer of Okawaru.
             Slain by a wraith (6 damage)
             ... on level 7 of the Dungeon.
             The game lasted 00:13:19 (7674 turns).

mopl the Slasher (Demonspawn Skald)                 Turns: 7674, Time: 00:13:20

Health: -3/61      AC:  3    Str: 12    XL:     9   Next: 4%
Magic:  0/13       EV: 12    Int: 14    God:    Okawaru [**....]
Gold:   319        SH:  4    Dex: 16    Spells: 3/14 levels left

rFire    . . .     SeeInvis .   a - +0 long sword
rCold    . . .     Gourm    .   (no shield)
rNeg     . . .     Faith    .   o - +0 leather armour
rPois    .         Spirit   +   (helmet restricted)
rElec    .         Reflect  +   (no cloak)
rCorr    .         Harm     .   (no gloves)
MR       .....                  (no boots)
Stlth    ++........             h - +4 amulet of reflection
HPRegen  0.20/turn              (no ring)
MPRegen  0.13/turn              (no ring)

@: slowed, very slow
A: antennae 2, claws 2, talons 2, magic shield
a: Heroism, Renounce Religion


You were on level 7 of the Dungeon.
You worshipped Okawaru.
Okawaru was pleased with you.
You were not hungry.

You visited 1 branch of the dungeon, and saw 7 of its levels.
You also visited: Ossuary.

You collected 319 gold pieces.

Inventory:

Hand Weapons
 a - a +0 long sword (weapon)
 b - a +1 short sword of venom
 y - a +2 dagger of pain
Missiles
 t - 40 poisoned darts
 v - 3 silver boomerangs
 x - 9 boomerangs (quivered)
Armour
 n - a +0 kite shield
 o - a +0 leather armour (worn)
Jewellery
 h - a +4 amulet of reflection (around neck)
 B - an uncursed ring of protection from fire {unknown}
Wands
 k - a wand of clouds (5)
 r - a wand of random effects (20)
 u - a wand of flame (5)
 z - a wand of digging (2)
Scrolls
 e - 3 scrolls of amnesia
 g - a scroll of magic mapping
 j - 3 scrolls of teleportation {unknown}
 m - 3 scrolls of fear
 w - a scroll of remove curse {unknown}
Potions
 c - a potion of magic
 f - a potion of might
 i - 2 potions of berserk rage {!q}
 l - a potion of brilliance
 p - 2 potions of curing
 q - a potion of agility
 s - 3 potions of degeneration {unknown}
 A - a potion of flight
Comestibles
 d - 14 rations
 C - a chunk of flesh


   Skills:
 - Level 2.0 Fighting
 * Level 6.7 Long Blades
 - Level 0.8 Armour
 - Level 1.7 Dodging
 + Level 3.6 Stealth
 + Level 0.1 Shields
 - Level 3.0 Spellcasting
 - Level 2.0 Hexes
 + Level 5.2 Charms
 + Level 2.1 Necromancy
 + Level 2.9 Translocations
 + Level 5.5 Invocations


You had 3 spell levels left.
You knew the following spells:

 Your Spells              Type           Power        Failure   Level  Hunger
a - Apportation           Tloc           ##....       9%          1    #......
b - Song of Slaying       Chrm           ###.....     4%          2    ##.....
c - Spectral Weapon       Hex/Chrm       ##......     19%         3    ###....
e - Blink                 Tloc           N/A          12%         2    ##.....
f - Shroud of Golubria    Chrm/Tloc      ##....       8%          2    ##.....
x - Animate Skeleton      Necr           N/A          12%         1    #......

Your spell library contained the following spells:

 Spells                   Type           Power        Failure   Level  Hunger
 Infusion                 Chrm           ###.         3%          1    #......
 Corona                   Hex            #......      12%         1    #......
 Slow                     Hex            #.......     19%         2    ##.....
 Magic Dart               Conj           #...         26%         1    #......
 Summon Small Mammal      Summ           #...         26%         1    #......
 Ozocubu's Armour         Chrm/Ice       #.......     28%         3    ###....
 Call Imp                 Summ           #.......     38%         2    ##.....
 Conjure Flame            Conj/Fire      #.......     63%         3    ###....
 Mephitic Cloud           Conj/Pois/Air  #.......     63%         3    ###....


Dungeon Overview and Level Annotations

Branches:
Dungeon (7/15)            Ossuary (visited)
 Temple: D:4-7

Altars:
Elyvilon
Gozag
Okawaru
Ru
Sif Muna
Trog
Uskayaw
Wu Jian
Yredelemnul
Zin
The Shining One

Shops:
D:6 *

Annotations:
D:3 3 runed translucent doors, SamuraiZach's ghost, amateur GrGl


Innate Abilities, Weirdness & Mutations

You have a pair of antennae on your head.
You have very sharp fingernails.
You have razor-sharp toenails.
When hurt, damage is shared between your health and your magic reserves.


Message History

* * * LOW HITPOINT WARNING * * *
The wraith drains your vigour!
You feel as though you will be slow longer.
You hit the wraith but do no damage. Your kick misses the wraith.
The wraith is almost destroyed.
The wraith hits you.
* * * LOW HITPOINT WARNING * * *
Unknown command.
You closely miss the wraith. You claw the wraith, but do no damage.
The wraith is almost destroyed.
The wraith completely misses you.
You hit the wraith but do no damage. You claw the wraith, but do no damage.
The wraith is almost destroyed.
You feel like a meek peon again. The wraith hits you!
* * * LOW HITPOINT WARNING * * *
The wraith drains your vigour!
You feel as though you will be slow longer.
The wraith hits you!
You die...

#.... ##### #..#
.....##..####+####
#................
#...............)
+................ #..
#................ #...
#....................
#....#....@..............
#...###[..W..########...#
#...###......##...###...###
#.............#>...........
#.............#..>.........
#.......>.....#............
#.............#......J.....
#...##.....####.####.##{..#
######.....#########o##.{.#


You could see a wraith.

Vanquished Creatures
  Sigmund (D:2)
  Duvessa (D:5)
  An ice beast (D:6)
  2 ogres (D:4)
  A necrophage (D:6)
  2 centaurs
  A bullfrog (D:7)
  Dowan (D:5)
  A scorpion (D:6)
  4 killer bees
  A howler monkey (D:5)
  A crimson imp (D:5)
  3 centaur zombies (Ossuary)
  A hound (D:6)
  2 jellies
  An orc wizard (D:4)
  A centaur skeleton (D:6)
  3 orc priests
  A human zombie (Ossuary)
  Jessica (D:3)
  A bullfrog skeleton (D:5)
  Ijyb (D:5)
  An iguana (D:6)
  2 worker ants
  A hound zombie (Ossuary)
  3 mummies (Ossuary)
  Robin (D:2)
  3 gnolls (D:3)
  7 adders
  A shadow imp (D:6)
  An ooze (D:6)
  3 adder zombies (Ossuary)
  2 dart slugs
  6 leopard geckos
  17 orcs
  A ball python (D:2)
  8 bats
  4 giant cockroaches
  A gnoll zombie (Ossuary)
  14 goblins
  11 hobgoblins
  8 jackals
  4 quokkas
  7 frilled lizards
  5 goblin zombies (Ossuary)
  3 hobgoblin zombies (Ossuary)
  A jackal skeleton (D:4)
  3 jackal zombies (Ossuary)
  4 kobolds
  4 kobold zombies (Ossuary)
  A leopard gecko skeleton (D:6)
  2 orc zombies (Ossuary)
  A quokka zombie (D:5)
  7 rats
  5 rat zombies
174 creatures vanquished.

Notes
Turn   | Place    | Note
-------+----------+-------------------------------------------
     0 | D:1      | mopl the Demonspawn Skald began the quest for the Orb.
     0 | D:1      | Reached XP level 1. HP: 16/16 MP: 3/3
    65 | D:1      | Reached skill level 2 in Long Blades
    93 | D:1      | Gained mutation: You have sharp toenails. [demonic
                  | ancestry]
    93 | D:1      | Reached XP level 2. HP: 22/22 MP: 5/5
    97 | D:1      | Learned a level 2 spell: Song of Slaying
   100 | D:1      | Learned a level 2 spell: Shroud of Golubria
   416 | D:1      | Reached skill level 3 in Charms
   785 | D:1      | Gained mutation: You have sharp fingernails. [demonic
                  | ancestry]
   785 | D:1      | Reached XP level 3. HP: 24/27 MP: 6/6
  1152 | D:2      | Noticed Sigmund
  1465 | D:3      | Found an iron altar of Okawaru.
  1465 | D:3      | Noticed Jessica
  1471 | D:3      | Killed Jessica
  1471 | D:3      | Reached skill level 3 in Long Blades
  1471 | D:3      | Gained mutation: You have razor-sharp toenails. [demonic
                  | ancestry]
  1471 | D:3      | Reached XP level 4. HP: 17/33 MP: 7/7
  1633 | D:3      | Found a sacrificial altar of Ru.
  1872 | D:3      | Learned a level 3 spell: Spectral Weapon
  1939 | D:3      | Found a white marble altar of Elyvilon.
  2069 | D:3      | Found a runed translucent gate.
  2071 | D:3      | Found a runed translucent gate.
  2071 | D:3      | Noticed SamuraiZach's ghost (amateur GrGl)
  2075 | D:3      | Found a runed translucent gate.
  2220 | D:3      | Became a worshipper of Warmaster Okawaru
  2532 | D:4      | Gained mutation: You have a pair of small antennae on your
                  | head. [demonic ancestry]
  2532 | D:4      | Reached XP level 5. HP: 31/38 MP: 9/9
  2777 | D:4      | Reached skill level 3 in Spellcasting
  2798 | D:4      | Reached skill level 1 in Hexes
  2798 | D:4      | Reached skill level 1 in Invocations
  2994 | D:4      | Noticed an ogre
  3003 | D:4      | Killed an ogre
  3003 | D:4      | Reached * piety under Okawaru
  3003 | D:4      | Reached skill level 4 in Long Blades
  3003 | D:4      | Gained mutation: You have very sharp fingernails. [demonic
                  | ancestry]
  3003 | D:4      | Reached XP level 6. HP: 18/44 MP: 10/10
  3192 | D:4      | Found a white marble altar of Elyvilon.
  3194 | D:4      | Found a glowing golden altar of the Shining One.
  3195 | D:4      | Found a glowing silver altar of Zin.
  3406 | D:4      | Reached skill level 1 in Translocations
  3406 | D:4      | Reached skill level 2 in Invocations
  3446 | D:4      | Found a hide-covered altar of Uskayaw.
  3602 | D:5      | Entered Level 5 of the Dungeon
  3788 | D:5      | Reached skill level 2 in Hexes
  3788 | D:5      | Reached skill level 4 in Charms
  3834 | D:5      | Reached skill level 1 in Stealth
  3834 | D:5      | Reached XP level 7. HP: 35/50 MP: 11/11
  3847 | D:5      | Noticed Ijyb
  3858 | D:5      | Killed Ijyb
  3931 | D:5      | Learned a level 1 spell: Apportation
  3972 | D:5      | Found a sand-covered staircase.
  3979 | Ossuary  | Entered an ossuary
  4154 | Ossuary  | Reached skill level 3 in Invocations
  4168 | Ossuary  | Reached skill level 5 in Long Blades
  4589 | D:5      | Reached skill level 2 in Translocations
  4663 | D:5      | Reached skill level 2 in Stealth
  5085 | D:2      | Noticed Robin
  5100 | D:2      | Killed Robin
  5249 | D:2      | Killed Sigmund
  5249 | D:2      | Reached skill level 4 in Invocations
  5249 | D:2      | Gained mutation: When hurt, damage is shared between your
                  | health and your magic reserves. [demonic ancestry]
  5249 | D:2      | Reached XP level 8. HP: 56/56 MP: 9/12
  5404 | D:5      | Found a bloodstained altar of Trog.
  5473 | D:5      | Noticed Duvessa
  5480 | D:5      | Noticed Dowan
  5498 | D:5      | Killed Duvessa
  5498 | D:5      | Reached ** piety under Okawaru
  5506 | D:5      | Killed Dowan
  5506 | D:5      | Reached skill level 6 in Long Blades
  5920 | D:6      | Learned a level 1 spell: Animate Skeleton
  5925 | D:6      | Found a shimmering blue altar of Sif Muna.
  6015 | D:6      | Reached skill level 3 in Stealth
  6183 | D:6      | Found Gozag's Platinum Reserve.
  6238 | D:6      | Found an opulent altar of Gozag.
  6416 | D:6      | Reached skill level 5 in Charms
  6416 | D:6      | Reached skill level 1 in Necromancy
  6447 | D:6      | Reached skill level 5 in Invocations
  6778 | D:6      | Found a bloodstained altar of Trog.
  6938 | D:6      | Found a basalt altar of Yredelemnul.
  6939 | D:6      | Found an ornate altar of the Wu Jian Council.
  7227 | D:6      | Reached skill level 2 in Necromancy
  7241 | D:6      | HP: 2/56 [poisoned by a killer bee]
  7249 | D:6      | HP: 2/56 [poisoned by a killer bee]
  7504 | D:7      | Learned a level 2 spell: Blink
  7543 | D:7      | Gained mutation: You have a pair of antennae on your head.
                  | [demonic ancestry]
  7543 | D:7      | Reached XP level 9. HP: 54/61 MP: 10/13
  7674 | D:7      | HP: 3/61 [wraith (8)]
  7674 | D:7      | Slain by a wraith

Levels and vault maps discovered:
D:1:      dpeg_arrival_solitude, layout_basic
D:2:      layout_basic, uniq_sigmund, uniq_robin
D:3:      layout_loops_ring, okawaru_trees_1, nicolae_ru_awakened_eye,
          ebering_ghost_rock_garden, elyvilon_altar_4, uniq_jessica
D:4:      layout_loops_ring, good_gods_temple_1, lemuel_coloured_pillars_altar,
          first_ration
D:5:      layout_basic, enter_ossuary_4, trog_butcher_becter, uniq_ijyb,
          uniq_duvessa
D:6:      layout_basic, kennysheep_mini_moat, lightli_temple_of_fire,
          nicolae_gozag_zags_fifth_avenue, nicolae_overflow_hidden_temple
D:7:      layout_gridville, minmay_temple_entry_junction_2, the_bakery

Skill      XL: |  1  2  3  4  5  6  7  8 |
---------------+-------------------------+-----
Long Blades    | 2 3 4 5 6 |  6.7
Charms         | 3 4 5 |  5.2
Spellcasting   | 3 |  3.0
Hexes          | 1 2 |  2.0
Invocations    | 1 2 4 5 |  5.5
Translocations | 1 2 |  2.9
Stealth        | 1 2 3 |  3.6
Necromancy     | 2 |  2.1
Fighting       | |  2.0
Armour         | |  0.8
Dodging        | |  1.7
Shields        | |  0.1

Action                   |  1- 3 |  4- 6 |  7- 9 || total
-------------------------+-------+-------+-------++-------
Melee: Falchion          |    84 |    22 |       ||   106
       Kick              |    17 |    30 |   107 ||   154
       Short sword       |       |    90 |   207 ||   297
       Long sword        |       |       |   129 ||   129
       Dagger            |       |       |     9 ||     9
       Punch             |       |       |     3 ||     3
Throw: Dart              |       |       |     1 ||     1
       Boomerang         |       |       |     3 ||     3
 Cast: Shroud of Golubri |       |     1 |     2 ||     3
       Infusion          |       |     1 |       ||     1
       Song of Slaying   |       |       |     2 ||     2
Invok: Heroism           |       |     1 |     2 ||     3
Evoke: Wand              |       |       |     3 ||     3
  Use: Scroll            |       |     1 |     7 ||     8
       Potion            |       |       |     1 ||     1
 Stab: Sleeping          |       |     1 |     9 ||    10
       Distracted        |       |     1 |     1 ||     2
  Eat: Chunk             |     2 |     7 |    13 ||    22
Armor: Leather armour    |    23 |    14 |    42 ||    79
Dodge: Dodged            |    70 |    57 |   181 ||   308
Block: Other             |    10 |    17 |    47 ||    74
       Reflection        |     1 |     2 |       ||     3
       Rpst.: Falchion   |    23 |     3 |       ||    26
       Long sword        |       |       |    18 ||    18

Table legend:
 A = Non-vault XP
 B = Vault XP
 C = Vault XP percentage of total XP
 D = Non-vault monster count
 E = Vault monster count
 F = Vault count percentage of total count
                 A         B        C        D         E       F
            +---------+---------+-------+---------+---------+-------
      Total |    2046 |     869 |  29.8 |     117 |      57 |  32.8
            +---------+---------+-------+---------+---------+-------
        D:1 |      45 |       0 |   0.0 |      25 |       0 |   0.0
        D:2 |      65 |     258 |  79.9 |      16 |      13 |  44.8
        D:3 |      73 |      39 |  34.8 |      14 |       2 |  12.5
        D:4 |     413 |       0 |   0.0 |      20 |       0 |   0.0
        D:5 |     360 |     273 |  43.1 |      11 |       9 |  45.0
        D:6 |     844 |       0 |   0.0 |      23 |       0 |   0.0
        D:7 |     246 |       0 |   0.0 |       8 |       0 |   0.0
    Ossuary |       0 |     299 | 100.0 |       0 |      33 | 100.0
            +---------+---------+-------+---------+---------+-------
